 Dungeon Crawl Stone Soup version 0.25-a0-479-g8579842fd4 (webtiles) character file.

Game seed: 17209887056757125847, levelgen mode: deterministic

30 kae the Sneak (level 3, -1/19 HPs)
             Began as a Kobold Enchanter on Feb 9, 2020.
             Slain by a gnoll
             ... wielding a +0 halberd
              (17 damage)
             ... on level 2 of the Dungeon.
             The game lasted 00:01:02 (1116 turns).

kae the Sneak (Kobold Enchanter)                    Turns: 1116, Time: 00:01:03

Health: -1/19      AC:  2    Str:  5    XL:     3   Next: 35%
Magic:  6/6        EV: 14    Int: 16    God:
Gold:   9          SH:  0    Dex: 16    Spells: 4/7 levels left

rFire    . . .     SeeInvis .   j - +2 dagger (drain)
rCold    . . .     Gourm    .   (shield restricted)
rNeg     . . .     Faith    .   b - +0 robe
rPois    .         Spirit   .   (no helmet)
rElec    .         Reflect  .   (no cloak)
rCorr    .         Harm     .   (no gloves)
MR       .....                  (no boots)
Stlth    ++........             (no amulet)
HPRegen  0.06/turn              (no ring)
MPRegen  0.10/turn              (no ring)

@: heavily drained
A: small, carnivore
a: no special abilities


You were on level 2 of the Dungeon.
You were not hungry.

You visited 1 branch of the dungeon, and saw 2 of its levels.

You collected 9 gold pieces.

Inventory:

Hand Weapons
 a - a +1 dagger
 j - a +2 dagger of draining (weapon)
Armour
 b - a +0 robe (worn)
Jewellery
 g - an uncursed amulet of harm
Scrolls
 c - a scroll of identify {unknown}
 e - a scroll of fog {unknown}
 f - 2 scrolls of amnesia {unknown}
 i - a scroll of random uselessness {unknown}
 l - a scroll of remove curse {unknown}
Potions
 h - a potion of magic {unknown}
 k - a potion of mutation {unknown}
Comestibles
 d - 2 rations


   Skills:
 * Level 3.0(1.4) Short Blades
 - Level 2.4(0.8) Dodging
 - Level 4.0(2.3) Stealth
 + Level 2.6(1.0) Spellcasting
 + Level 3.3(1.6) Hexes


You had 4 spell levels left.
You knew the following spells:

 Your Spells              Type           Power        Failure   Level  Hunger
a - Corona                Hex            #......      12%         1    ##.....
b - Ensorcelled Hibernat  Hex/Ice        #.....       26%         2    ###....

Your spell library contained the following spells:

 Spells                   Type           Power        Failure   Level  Hunger
 Confusing Touch          Hex            #.......     34%         3    ####...
 Tukima's Dance           Hex            #.......     34%         3    ####...
 Dazzling Flash           Conj/Hex       #.....       45%         3    ####...


Dungeon Overview and Level Annotations

Branches:
Dungeon (2/15)

Altars:


Innate Abilities, Weirdness & Mutations

You are small and have problems with some larger weapons.
You are carnivorous and can eat meat at any time.


Message History

The kobold shouts!
You hear an angry hiss.
Found a scroll labeled IXUD GICRUUSU.
A kobold is nearby!
A kobold is nearby!
The kobold closely misses you.
An adder comes into view.
You hit the kobold.
You kill the kobold!
A bat comes into view.
A gnoll comes into view. It is wielding a +0 halberd.
The adder barely misses you. The bat hits you but does no damage.
You miss the adder.
The bat closely misses you. x2; The adder bites you.
The gnoll shouts!
You hit the adder. You drain the adder.
The adder is almost dead.
You hear a shout! x3
The bat closely misses you. The adder misses you.
The gnoll hits you from afar with a +0 halberd!
Ouch! That really hurt!
You die...

.#########################
..........................
#......############.#####
#..........?.# #.#
....$.........# #.#
#.#####.......# #.##### #
........)...# #......
.####.b@....# ##....#
#..S....# .......
#.g.....# ##....#
....###### ..... ##...
#... .... ### .#... #.....


You could see a gnoll, an adder and a bat.

Vanquished Creatures
  A dart slug (D:1)
  A leopard gecko (D:1)
  A ball python (D:1)
  3 bats (D:1)
  3 goblins (D:1)
  4 hobgoblins (D:1)
  3 jackals (D:1)
  A frilled lizard (D:1)
  3 kobolds
  4 rats
24 creatures vanquished.

Notes
Turn   | Place    | Note
-------+----------+-------------------------------------------
     0 | D:1      | kae the Kobold Enchanter began the quest for the Orb.
     0 | D:1      | Reached XP level 1. HP: 10/10 MP: 3/3
   123 | D:1      | Reached XP level 2. HP: 15/15 MP: 5/5
   127 | D:1      | Learned a level 2 spell: Ensorcelled Hibernation
   758 | D:1      | Reached XP level 3. HP: 6/19 MP: 4/6
  1116 | D:2      | Slain by a gnoll

Levels and vault maps discovered:
D:1:      ncdulo_halloftheorcs, layout_rooms
D:2:      layout_basic, first_ration, chequers_serial_rivers_micro_a

Skill      XL: |  1  2  3 |
---------------+----------+-----
Short Blades   | 2 3 |  3.0
Dodging        | |  2.4
Stealth        | |  4.0
Spellcasting   | |  2.6
Hexes          | |  3.3

Action                   || total
-------------------------++-------
Melee: Dagger            ||    66
 Cast: Corona            ||     7
       Ensorcelled Hiber ||     2
 Stab: Sleeping          ||     7
  Eat: Chunk             ||     2
Armor: Robe              ||     8
Dodge: Dodged            ||    56

Table legend:
 A = Non-vault XP
 B = Vault XP
 C = Vault XP percentage of total XP
 D = Non-vault monster count
 E = Vault monster count
 F = Vault count percentage of total count
                 A         B        C        D         E       F
            +---------+---------+-------+---------+---------+-------
      Total |      43 |       0 |   0.0 |      24 |       0 |   0.0
            +---------+---------+-------+---------+---------+-------
        D:1 |      41 |       0 |   0.0 |      22 |       0 |   0.0
        D:2 |       2 |       0 |   0.0 |       2 |       0 |   0.0
            +---------+---------+-------+---------+---------+-------
